Map: Prion Terraces

Players

Beastyqt

  • Race: Terran Terran

HyuN - Winner!

  • Race: Zerg Zerg

Event: Gauntlet LotV Series 1 Qualifier 1

VOD

Have the link to the VOD?

Description

Time

  • Played on: Nov. 22, 2015, 4:25 p.m.
  • Length: 20:40

All games in this series

Show
View Real Time Build Order
Export as new Build Order

Beastyqt Terran 

Build Orders: MMM Bio 

Get SALT Encoding   

  12  0:01  SCV  
  13  0:13  SCV  
  14  0:19  Supply Depot  
  14  0:25  SCV  
  15  0:41  SCV, Barracks  
  16  0:44  Refinery  
  16  0:53  SCV  
  17  0:59  Barracks  
  17  1:05  SCV  
  18  1:17  Barracks  
  18  1:23  Refinery  
  18  1:28  Barracks Reactor  
  18  1:39  Orbital Command  
  18  1:46  Reaper  
  19  1:53  Supply Depot  
  19  2:04  SCV  
  19  2:05  Reaper  
  19  2:08  Reaper  
  22  2:15  Reaper  
  23  2:16  SCV  
  24  2:28  Supply Depot, SCV  
  24  2:29  Reaper  
  26  2:37  Reaper  
  26  2:41  SCV  
  28  2:44  Reaper  
  29  2:53  Reaper  
  29  2:54  SCV  
  31  3:05  Supply Depot  
  31  3:06  SCV  
  31  3:12  Reaper  
  33  3:15  Reaper  
  33  3:18  SCV  
  35  3:26  Reaper  
  36  3:33  Command Center  
  36  3:38  Reaper  
  36  3:43  SCV  
  37  3:49  Reaper x2  
  37  3:51  Bunker  
  38  4:10  Reaper  
  38  4:11  Reaper  
  38  4:19  SCV  
  39  4:26  Reaper  
  38  4:34  SCV  
  39  4:40  Command Center  
  39  4:41  Reaper  
  36  4:46  SCV  
  36  4:56  Reaper  
  36  4:57  Reaper  
  36  4:58  SCV  
  34  5:09  Orbital Command  
  34  5:10  SCV  
  34  5:12  Reaper  
  34  5:13  Reaper  
  37  5:22  SCV  
  37  5:24  Supply Depot, Bunker  
  38  5:30  Factory  
  38  5:33  Barracks Tech Lab  
  38  5:34  SCV  
  39  5:36  SCV  
  39  5:40  Supply Depot  
  39  5:41  Marine  
  41  5:44  Marine  
  41  5:46  Barracks Reactor, SCV  
  41  5:48  SCV  
  43  5:58  Orbital Command  
  43  6:00  Marine x2  
  43  6:01  Marine  
  45  6:06  SCV  
  44  6:17  SCV, Marine  
  44  6:18  Marine  
  47  6:19  Marine  
  47  6:20  Starport, Factory Reactor  
  47  6:23  SCV x2  
  50  6:25  Refinery  
  50  6:27  Refinery, Marine x2  
  50  6:29  Stimpack  
  50  6:30  SCV  
  53  6:34  Orbital Command  
  53  6:35  SCV, Marine  
  55  6:40  Marine x2  
  55  6:43  SCV  
  55  6:45  Marine x2  
  60  6:47  SCV  
  60  6:52  Liberator x2  
  60  6:53  Marine  
  62  6:55  SCV  
  62  6:58  Marine x2  
  62  7:00  SCV  
  66  7:02  SCV  
  66  7:03  Marine x2  
  66  7:06  Factory Reactor  
  66  7:07  SCV  
  70  7:11  Marine  
  70  7:12  SCV  
  70  7:14  SCV  
  70  7:15  Supply Depot  
  79  7:16  Marine x2  
  79  7:19  SCV  
  82  7:27  Bunker  
  82  7:28  SCV  
  83  7:32  Factory Tech Lab, Marine x2  
  83  7:33  Bunker  
  83  7:35  Supply Depot  
  83  7:36  Supply Depot, Marine  
  86  7:42  Marauder, Liberator, Marine  
  86  7:43  SCV  
  86  7:44  SCV  
  91  7:46  SCV  
  91  7:50  Engineering Bay, Marine  
  93  7:52  Engineering Bay  
  93  7:56  Siege Tank  
  96  8:00  Medivac, Marine  
  96  8:01  SCV  
  96  8:05  SCV  
  104  8:11  Marine x2  
  104  8:12  Marauder  
  108  8:15  Supply Depot  
  108  8:16  Supply Depot, Marine  
  109  8:22  Missile Turret  
  109  8:25  Terran Infantry Weapons Level 1, Terran Infantry Armor Level 1  
  109  8:29  Combat Shields  
  109  8:36  Marine x5  
  109  8:37  SCV, Siege Tank  
  109  8:40  Refinery  
  118  8:41  SCV x2, Refinery  
  120  8:49  SCV  
  120  8:50  Supply Depot x2, Medivac x2  
  120  8:53  SCV  
  120  8:54  Marine  
  125  9:01  Barracks x2  
  125  9:05  Marine  
  125  9:06  Marine  
  125  9:11  SCV, Marine x2  
  125  9:12  Marine  
  125  9:13  Supply Depot  
  125  9:15  Supply Depot  
  129  9:17  Missile Turret  
  129  9:20  Siege Tank  
  129  9:23  Armory, Marine  
  133  9:24  Marauder  
  133  9:27  Medivac x2  
  133  9:29  Marine x2  
  141  9:31  Marine  
  141  9:34  Supply Depot  
  141  9:35  Supply Depot  
  139  9:40  Marine  
  140  9:45  Factory, Marine  
  140  9:46  Sensor Tower, Barracks  
  140  9:47  Barracks  
  141  9:56  Barracks Reactor, Siege Tank  
  141  9:57  Barracks Reactor  
  141  9:58  Concussive Shells  
  144  10:02  Marine  
  145  10:09  Command Center  
  145  10:20  Marine x2  
  147  10:24  Missile Turret  
  147  10:25  Terran Infantry Weapons Level 2, Terran Infantry Armor Level 2  
  147  10:27  Marine x3  
  146  10:35  Barracks Reactor x2, Marine  
  143  10:36  Marine  
  143  10:38  Marine x2  
  147  10:45  Marine x3  
  147  10:46  Siege Tank, Marine x2  
  147  10:48  Factory Tech Lab  
  155  10:53  Marine x2  
  155  10:56  Marine x2  
  159  10:57  Terran Vehicle Weapons Level 1  
  159  11:03  Marine x3  
  160  11:04  Marine x2  
  160  11:11  Siege Tank, Marine x2  
  164  11:15  Marine  
  164  11:17  Marine  
  164  11:18  Siege Tank, Marine  
  169  11:19  Marine x2, Medivac x2  
  169  11:23  Marine  
  175  11:27  Marine  
  175  11:29  Marine  
  171  11:37  Marine x2  
  171  11:39  Orbital Command  
  166  11:50  Command Center  
  166  11:55  Siege Tank x2  
  166  11:56  Supply Depot  
  166  11:59  Marauder, Marine x3  
  166  12:00  Medivac x2  
  181  12:01  Marine  
  181  12:02  Marine  
  181  12:04  Supply Depot  
  180  12:19  Refinery x2  
  180  12:21  Marauder  
  182  12:24  Marine x3  
  182  12:25  Marine x3  
  182  12:26  Marine  
  182  12:27  Command Center  
  182  12:29  Command Center, Marine x4  
  192  12:34  Marine  
  194  12:42  Marauder, Marine x4  
  194  12:43  Marine  
  188  12:51  Marine  
  188  12:54  Marine  
  188  12:56  Siege Tank, Marine x2  
  188  12:57  Marine x3  
  170  12:59  Siege Tank, Marine x2  
  170  13:00  Medivac x2, Marine  
  175  13:07  Marine x2  
  175  13:09  Marine  
  175  13:12  Marine  
  178  13:14  Marine x2  
  178  13:15  Marine x2  
  178  13:16  Terran Infantry Weapons Level 3  
  178  13:17  Terran Infantry Armor Level 3  
  181  13:22  Marine x2  
  183  13:28  Siege Tank, Marine x3  
  189  13:34  Medivac x2  
  189  13:37  Marine x3  
  195  13:44  Terran Vehicle Weapons Level 2  
  195  13:54  Marine x3  
  195  13:56  Marine  
  195  13:58  Siege Tank, Marine  
  192  14:13  Marine  
  192  14:14  Siege Tank, Marine  
  192  14:16  Marine  
  192  14:17  Marine  
  173  14:19  Medivac x2  
  173  14:21  Marauder, Marine x2  
  173  14:22  Marine x2  
  142  14:24  Marine x2  
  138  14:42  Marine x3  
  138  14:43  Marine, Marauder  
  141  14:46  Siege Tank  
  141  14:49  Missile Turret  
  141  14:52  Siege Tank  
  136  15:02  Marine x6  
  136  15:03  Marine  
  136  15:04  Marauder  
  136  15:05  Marine  
  146  15:07  Marine  
  146  15:10  Marine  
  146  15:14  Marine x2  
  138  15:18  Siege Tank  
  122  15:23  Marine x2  
  119  15:29  Marine x2  
  119  15:33  Siege Tank  
  115  15:43  Marine  
  115  15:44  Marine x2  
  118  15:54  Marine x2  
  118  15:55  Marine  
  82  16:16  Orbital Command  
  49  16:41  Orbital Command  
  46  16:48  Marine  
  46  16:54  Marine  
  48  17:05  Marine  
  48  17:06  Marine x2  
  53  17:10  SCV  
  53  17:13  Marauder, Marine x2  
  56  17:19  Siege Tank  
  56  17:22  SCV  
  60  17:32  Marine  
  60  17:33  Marine x2  
  62  17:40  Marine x3  
  62  17:41  Marine  
  62  17:42  Marine  
  62  17:49  Marine x2  
  62  17:51  SCV  
  58  17:52  Siege Tank  
  61  18:01  Orbital Command x2  
  60  18:28  Orbital Command  
  60  19:04  Marine x2  
  60  19:09  Orbital Command  
  62  19:14  Marine x2  
  64  19:22  Orbital Command  
  64  19:25  Marine  
  64  19:30  Marine x3  
  68  19:40  Siege Tank, Marine  
  68  19:42  Marine x2  
  74  19:49  Marine  
  75  19:55  Marine  
  75  19:56  Marine x2, Marauder  
  73  20:13  SCV x2  
  73  20:22  Marine  
Show
View Real Time Build Order
Export as new Build Order

HyuN Zerg - Winner!

Build Orders: Hatch First 

Get SALT Encoding   

  12  0:01  Drone  
  13  0:12  Overlord  
  13  0:18  Drone  
  14  0:31  Drone x2  
  16  0:35  Drone  
  17  0:53  Hatchery  
  17  0:54  Drone  
  17  0:58  Drone  
  18  1:08  Extractor  
  17  1:13  Spawning Pool  
  17  1:15  Drone  
  17  1:19  Drone  
  18  1:29  Drone  
  19  1:39  Overlord  
  19  1:59  Queen  
  22  2:01  Zergling x4  
  22  2:05  Queen  
  22  2:07  Zergling x2  
  26  2:10  Metabolic Boost  
  26  2:13  Drone  
  27  2:16  Drone  
  27  2:22  Drone  
  29  2:27  Drone  
  30  2:34  Overlord  
  30  2:35  Queen  
  32  2:38  Drone  
  33  2:44  Drone  
  34  2:56  Drone x2  
  36  3:01  Zergling x2  
  37  3:09  Zergling x2  
  37  3:10  Zergling x4  
  40  3:15  Queen  
  40  3:18  Zergling x6  
  42  3:20  Overlord  
  39  3:27  Zergling x2  
  39  3:28  Zergling x4  
  42  3:38  Zergling x2  
  42  3:39  Zergling x2  
  41  3:47  Zergling x6  
  44  3:50  Queen  
  44  3:51  Queen  
  45  4:05  Zergling x6  
  44  4:12  Drone x2  
  45  4:20  Zergling x4  
  45  4:22  Zergling x2  
  45  4:23  Zergling x4  
  43  4:35  Zergling x8  
  42  4:43  Zergling x2  
  37  4:47  Zergling x2  
  32  5:00  Drone x2  
  32  5:02  Drone x6  
  32  5:03  Queen x2  
  43  5:08  Drone  
  43  5:12  Hatchery  
  43  5:23  Zergling x6  
  46  5:33  Zergling x4  
  46  5:34  Zergling x4  
  46  5:35  Overlord x2  
  50  5:38  Drone x2  
  50  5:40  Extractor  
  50  5:41  Roach Warren  
  40  6:19  Drone x3  
  40  6:21  Drone  
  40  6:22  Drone x5  
  40  6:23  Roach x3  
  55  6:28  Roach  
  57  6:35  Roach x3  
  63  6:41  Extractor  
  63  6:42  Extractor  
  63  6:46  Roach x3  
  67  6:49  Drone  
  67  6:50  Drone x2  
  70  6:57  Drone x2  
  70  6:58  Drone  
  73  7:07  Lair  
  73  7:09  Overlord x3  
  73  7:13  Evolution Chamber  
  73  7:15  Evolution Chamber  
  71  7:26  Drone x2  
  71  7:28  Overlord x2  
  71  7:29  Hatchery, Drone  
  73  7:31  Drone x7  
  73  7:36  Drone  
  73  7:37  Drone x3, Extractor x2  
  82  7:49  Zerg Missile Weapons Level 1, Zerg Ground Armor Level 1  
  82  7:52  Drone x2  
  82  7:53  Drone x2  
  82  7:57  Drone x2  
  88  8:06  Drone x3  
  88  8:08  Glial Reconstitution  
  88  8:09  Drone x2  
  88  8:10  Drone x3  
  88  8:11  Roach x2  
  100  8:23  Roach x3  
  106  8:28  Overseer  
  106  8:29  Overseer  
  106  8:31  Overlord x5  
  98  8:51  Spore Crawler  
  96  8:59  Queen x2  
  98  9:06  Spore Crawler  
  98  9:08  Spore Crawler  
  94  9:36  Drone x3  
  92  9:40  Spore Crawler  
  92  9:42  Queen x3  
  97  9:50  Zerg Ground Armor Level 2, Zerg Missile Weapons Level 2  
  97  9:56  Drone x3  
  100  10:01  Drone x5  
  100  10:02  Drone  
  100  10:03  Drone x7  
  113  10:15  Roach  
  113  10:16  Roach x8  
  127  10:38  Roach x8  
  127  10:41  Overlord x2  
  142  10:54  Overlord x6  
  142  10:55  Overlord x2  
  139  11:12  Roach x7  
  139  11:13  Roach x2  
  139  11:16  Roach  
  139  11:17  Roach  
  147  11:27  Roach  
  147  11:28  Roach x6  
  151  11:35  Roach x5  
  160  11:45  Drone x3  
  160  11:46  Roach x2  
  160  11:47  Roach x3  
  173  11:54  Roach  
  173  11:55  Roach x2  
  173  11:59  Queen x2  
  183  12:07  Ravager x13  
  196  12:12  Ravager  
  196  12:13  Ravager x4  
  197  12:22  Ravager x2  
  199  12:37  Infestation Pit  
  119  13:09  Roach x2  
  119  13:10  Roach x12  
  119  13:11  Hydralisk Den  
  146  13:17  Extractor  
  146  13:19  Hive, Extractor  
  144  13:23  Overlord x2  
  144  13:27  Hatchery  
  143  13:37  Roach x3  
  143  13:38  Roach x3  
  143  13:40  Lurker Den  
  143  13:41  Hydralisk x12  
  155  13:44  Zerg Melee Weapons Level 1  
  179  13:58  Hydralisk x5  
  179  13:59  Hydralisk x5  
  177  14:17  Roach x4  
  177  14:18  Roach x5  
  177  14:23  Roach x4  
  173  14:33  Roach x4  
  181  14:46  Roach  
  181  14:47  Roach x4  
  184  14:54  Roach x5  
  184  14:57  Ravager x2  
  184  14:58  Ravager x2  
  184  14:59  Ravager x2  
  200  15:13  Roach x4  
  172  15:29  Roach  
  172  15:30  Roach x14  
  172  15:32  Roach  
  172  15:33  Roach x2  
  194  15:35  Roach  
  194  15:36  Roach x4  
  177  15:52  Ravager x3  
  174  16:01  Roach  
  174  16:02  Roach x7  
  166  16:13  Roach x3  
  164  16:20  Roach x2  
  102  16:35  Roach  
  102  16:36  Roach x4  
  106  16:50  Overseer x2  
  102  17:10  Hatchery  
  93  18:01  Hatchery  
  90  18:30  Viper x3  
  99  18:34  Drone x2  
  99  18:41  Hydralisk Den  
  100  18:47  Roach x3  
  106  19:06  Drone x3  
  106  19:07  Drone  
  106  19:08  Drone  
  106  19:09  Drone x2  
  111  19:29  Hydralisk x3  
  110  19:53  Roach x4  
Tags
 
Add a new tag
Caveats
  • Supply blocks, unpowered buildings, or Contaminate may cause inaccurate times.
  • Supply counts are checked every 10 seconds.